 Dungeon Crawl Stone Soup version 0.29-a0-330-g52719c12eb (webtiles) character file.

Game seed: 14033271614232561605

22 kae the Firebug (level 2, -4/16 HPs)
             Began as a Tengu Fire Elementalist on Apr 14, 2022.
             Slain by an iguana (5 damage)
             ... on level 2 of the Dungeon.
             The game lasted 00:00:41 (1621 turns).

kae the Firebug (Tengu Fire Elementalist)           Turns: 1621, Time: 00:00:42

Health: -4/16      AC:  2    Str:  8    XL:     2   Next: 91%
Magic:  2/6        EV: 12    Int: 15    God:
Gold:   76         SH:  3    Dex: 14    Spells: 4/5 levels left

rFire   . . .      SeeInvis .   (no weapon)
rCold   . . .      Faith    .   h - +0 buckler
rNeg    . . .      Spirit   .   a - +0 robe
rPois   .          Reflect  .   (helmet restricted)
rElec   .          Harm     .   (no cloak)
rCorr   .          Rampage  .   (no gloves)
Will    .....                   (boots unavailable)
Stlth   +.........              (no amulet)
HPRegen 0.05/turn               (no ring)
MPRegen 0.10/turn               (no ring)

@: silenced
A: beak, talons 3
a: no special abilities


You were on level 2 of the Dungeon.
You visited 1 branch of the dungeon, and saw 2 of its levels.

You collected 76 gold pieces.

Inventory:

Armour
 a - a +0 robe (worn)
 h - a +0 buckler (worn)
Scrolls
 f - a scroll of identify {unknown}
 i - a scroll of teleportation {unknown}
 j - a scroll of magic mapping {unknown}
Potions
 b - a potion of magic
 g - a potion of heal wounds {unknown}
 k - a potion of experience {unknown}


   Skills:
 + Level 0.7 Fighting
 + Level 2.4 Dodging
 - Level 2.0 Stealth
 + Level 0.2 Shields
 + Level 2.1 Spellcasting
 + Level 1.8 Conjurations
 * Level 3.7 Fire Magic


You had 4 spell levels left.
You knew the following spells:

 Your Spells              Type           Power      Damage    Failure   Level
a - Foxfire               Conj/Fire      40%        2x1d6     10%         1

Your spell library contained the following spells:

 Spells                   Type           Power      Damage    Failure   Level
 Scorch                   Fire           24%        2d6       10%         2
 Conjure Flame            Conj/Fire      10%        6-21      28%         3
 Inner Flame              Hex/Fire       7%         N/A       38%         3
 Flame Wave               Conj/Fire      10%        2d5       67%         4


Dungeon Overview and Level Annotations

Branches:
Dungeon (2/15)

Altars:
Xom


Innate Abilities, Weirdness & Mutations

You have a beak for a mouth.
You have claws for feet.


Message History

The iguana hisses angrily.
The foxfire hits the dart slug.
The dart slug is almost dead.
The foxfire hits the dart slug.
You kill the dart slug!
An iguana is nearby!
Found 18 gold pieces.
There is an open door here.
You see here a dart slug corpse.
You closely miss the iguana. The iguana closely misses you.
An iguana is nearby!
Casting: Foxfire (safe; 10% risk of failure)
Confirm with . or Enter, or press ? or * to list all spells.
You conjure some foxfire!
You block the iguana's attack.
The foxfire hits the iguana but does no damage.
The iguana completely misses you.
An iguana is nearby!
Casting: Foxfire (safe; 10% risk of failure)
Confirm with . or Enter, or press ? or * to list all spells.
You conjure some foxfire!
You block the iguana's attack.
The foxfire hits the iguana but does no damage.
The iguana barely misses you.
Your foxfire dissipates!
The foxfire hits the iguana.
The iguana is lightly wounded.
There's a creature in the doorway!
As you read the scroll labelled DIYMUO CAKOUC, it crumbles to dust.
The scroll dissolves into smoke.
It was a scroll of fog.
The iguana bites you!
Ouch! That really hurt!
* * * LOW HITPOINT WARNING * * *
As you read the scroll labelled SEASO UTHEECVO, it crumbles to dust.
You hear a loud clanging noise!
It was a scroll of noise.
You hear a shout!
The iguana barely misses you.
Unknown command.
As you read the scroll labelled EBYW LEXUEPYR, it crumbles to dust.
A profound silence engulfs you.
It was a scroll of silence.
The iguana bites you.
You die...

#............#
#............#
####
#.#.....######
#... #.#.###.#
#... #....##.#
#... #
###..##.# #...
#.###§§##.#
###...
###..§§§§##.#
#.....
+.....§§@.§..+
+.....
########l##..#
#.....
.$....§........
#.....
...............
+.....
$........._....
#.....
.........!.....
#.....
...............
#.....
...............
######
...............
#


You could see an iguana.

Vanquished Creatures
  A dart slug (D:2)
  3 endoplasms
  4 goblins
  A hobgoblin (D:1)
  3 jackals (D:2)
  A quokka (D:1)
  A frilled lizard (D:2)
  3 rats
17 creatures vanquished.

Vanquished Creatures (collateral kills)
  2 foxfires (D:1)
2 creatures vanquished.

Vanquished Creatures (others)
  89 foxfires
  13 plants (D:1)
102 creatures vanquished.

Grand Total: 121 creatures vanquished

Notes
Turn   | Place    | Note
-------+----------+-------------------------------------------
     0 | D:1      | kae the Tengu Fire Elementalist began the quest for the
                  | Orb.
     0 | D:1      | Reached XP level 1. HP: 10/10 MP: 4/4
   439 | D:1      | Found a faded altar of an unknown god.
   591 | D:1      | Reached XP level 2. HP: 16/16 MP: 1/6
  1605 | D:2      | Found a shimmering altar of Xom.
  1621 | D:2      | Slain by an iguana

Illustrated notes

Levels and vault maps discovered:
D:1:      roderic_crop_circles_arrival_small, layout_basic,
          ebering_ecumenical_altar_webs
D:2:      layout_basic, basic_altar, grunt_ministairs_8,
          minmay_stone_trees_medium, minmay_tripent

Action                   || total
-------------------------++-------
Melee: Unarmed           ||    46
       Kick              ||    24
       Peck              ||    14
       Punch             ||     1
 Cast: Foxfire           ||    56
  Use: Scroll            ||     3
Armor: Robe              ||     4
Dodge: Dodged            ||    25
Block: Buckler           ||     4

Table legend: (Time is in decaauts)
 A = Elapsed time spent in this place.
 B = Non-inter-level travel time spent in this place.
 C = Inter-level travel time spent in this place.
 D = Time resting spent in this place.
 E = Time spent auto-exploring this place.
 F = Levels seen in this place.
 G = Mean time per level.
                   A        B        C        D        E       F      G
               +--------+--------+--------+--------+--------+-----+--------+
         Total |   1621 |   1540 |     81 |      0 |   1288 |   2 |  810.5 |
       Dungeon |   1621 |   1540 |     81 |      0 |   1288 |   2 |  810.5 |
               +--------+--------+--------+--------+--------+-----+--------+

Top non-repeatable levels by time:
     D:1: 976 daAuts
     D:2: 645 daAuts
